Workbook

Sheet Лист1
L4: Выручка, т.е. оборот компании (сумма закрытых документов в год по АКТам)
C5: Наименование объекта по папке хранения | D5: Наименование проекта. Информация об объекте | E5: Заказчик. Информация о Заказчике | F5: Откуда заказ. Описание. | G5: Площадь объекта | H5: Стадия П | I5: Стадия Р | J5: Стоимость по Договору | K5: Срок выполнения по Договору | L5: БЮДЖЕТ (Себестоимость работ) | M5: Фактически затраченное время. Комментарии | P5: Качество выполнения работ. Сбор информации от разных людей: (1) от клиента. Заказчика; (2) от руководителя, кто управлял процессом; (3) еще от кого нибудь
C6: (46) 02-01_ЖК ул. Очаковская от Ильи Ивонина-2023 | D6: Проектирование РД раздела АИ. Жилые дома про программе реновации. Объект: Жилые дома с инженерными сетями и благоустройством территории по адресу: г. Москва, район Очаково-Матвеевское, ш. Очаковское, (Очаковское шоссе, влд. 3А,5А) (Западный административный округ) | E6: Договор с ГП МФС это подразделение от ГК ПИК. Поскольку нужна была акредитация, то подавался через Леонардо, заплатив им за участие 15% от суммы без НДС. | F6: Юрий Ивонин, он Руководитель проектов в ПИК брат Ильи Ивонина, который вел проект по Больнице Романов переулок. | G6: ?? | I6: да | J6: 5000000 | K6: 6 мес. Без согласований | L6: 2000000 | M6: 2 года. Мазер фака

Sheet ФИНАНСЫ
C4: Наименование объекта | D4: Период | E4: Выручка, т.е. оборот компании (сумма закрытых документов в год по АКТам) | F4: Затраты на работы (ФОТ) | G4: Маржинальная прибыль по ОБЪЕКТУ (заказу). Это (МАРЖА), то, что заработал. Т.е. ВЫРУЧКА (минус) ЗАТРАТЫ в год | H4: Постоянные затраты (аренда, закупка оборудования, маркетинговые акции, содержание компании и т.д) | I4: Чистая прибыль. Это маржинальная прибыль минус затраты
B5: ООО | C5: (46) 02-01_ЖК ул. Очаковская от Ильи Ивонина-2023 | D5: 2023 | E5: 2000000 | F5: ='(46)'!I7 -> 1920000 | G5: =E5-F5 -> 80000 | H5: ='Постоянные затраты'!F16/4 -> 32500 | I5: =G5-H5 -> 47500
D6: 2024 | E6: 1500000 | F6: ='(46)'!I7 -> 1920000 | G6: =E6-F6 -> -420000 | H6: ='Постоянные затраты'!F16/4 -> 32500
D7: 2025 | E7: 5000000 | F7: ='(46)'!I7 -> 1920000 | G7: =E7-F7 -> 3080000 | H7: ='Постоянные затраты'!F16/4 -> 32500
B11: ИП | C11: Комп. Клуб | D11: 2024 | E11: 300000

Sheet Постоянные затраты
E4: Постоянные затраты | F4: Затраты в мес. | G4: Затраты в год
D5: 1 | E5: Аренда | F5: 40000 | G5: =F5*12 -> 480000
D6: 2 | E6: Бухгалтер | F6: 40000 | G6: =F6*12 -> 480000
D7: 3 | E7: Уборка | F7: 10000 | G7: =F7*12 -> 120000
D8: 4 | E8: Составление рилс в истаграмм | F8: 10000 | G8: =F8*12 -> 120000
D9: 5 | E9: Ассистент | F9: 30000 | G9: =F9*12 -> 360000
D10: 6
D16: ИТОГО | F16: =SUM(F5:F15) -> 130000 | G16: =SUM(G5:G15) -> 1560000

Sheet (46)
F3: Фактические затраты
G4: Зарплата | H4: Кол-во мес
D5: Стоимость по договору | E5: Планируемые затраты | F5: Эуард | G5: 60000 | H5: 12 | I5: =G5*H5 -> 720000
D6: 5000000 | E6: 2000000 | F6: Я | G6: 100000 | H6: 12 | I6: =G6*H6 -> 1200000
I7: =SUM(I5:I6) -> 1920000
G17: Нужно посчитать факт затраты на ЗП с налогами

Sheet (52)
F3: Фактические затраты
G4: Зарплата | H4: Кол-во мес
D5: Стоимость по договору | E5: Планируемые затраты | F5: Эуард | G5: 60000 | H5: 12 | I5: =G5*H5 -> 720000
D6: 5000000 | E6: 2000000 | F6: Я | G6: 100000 | H6: 12 | I6: =G6*H6 -> 1200000
I7: =SUM(I5:I6) -> 1920000
G17: Нужно посчитать факт затраты на ЗП с налогами
G25: Начали работать над РД с 18.11.24
